Workbook
Name ___sub1: #REF!
Name ___sub2: #REF!
Name ___sub3: #REF!
Name _sub1: #REF!
Name _sub2: #REF!
Name _sub3: #REF!
Name a: #REF!
Name AREA: #REF!
Name B: #REF!
Name BDI: #REF!
Name DOLAR: [1]INSUMOS!$G$8
Name ersdcefgbrnghrbgbrgfbgfwbvbfgvwfv: #REF!
Name Excel_BuiltIn_Print_Area_2: #REF!
Name Excel_BuiltIn_Print_Area_2_1: #REF!
Name Excel_BuiltIn_Print_Area_2_1_1: #REF!
Name Excel_BuiltIn_Print_Area_2_1_1_1: #REF!
Name Excel_BuiltIn_Print_Area_4: #REF!
Name leosde: #REF!
Name NCOMPOSICOES: 7
Name NCOTACOES: 15
Name obra: #REF!
Name obra1: #REF!
Name obra2: #REF!
Name obra3: #REF!
Name obra4: #REF!
Name obra5: #REF!
Name P.1: #REF!
Name P.10: #REF!
Name P.11: #REF!
Name P.12: #REF!
Name P.13: #REF!
Name P.14: #REF!
Name P.15: #REF!
Name P.2: #REF!
Name P.3: #REF!
Name P.4: #REF!
Name P.5: #REF!
Name P.6: #REF!
Name P.7: #REF!
Name P.8: #REF!
Name P.9: #REF!
Name Pedreiro_de_acabamento: [1]INSUMOS!$B$11
Name PP1.1: #REF!
Name PP1.10: #REF!
Name PP1.11: #REF!
Name PP1.12: #REF!
Name PP1.13: #REF!
Name PP1.14: #REF!
Name PP1.15: #REF!
Name PP1.2: #REF!
Name PP1.3: #REF!
Name PP1.4: #REF!
Name PP1.5: #REF!
Name PP1.6: #REF!
Name PP1.7: #REF!
Name PP1.8: #REF!
Name PP1.9: #REF!
Name T.1: #REF!
Name T.10: #REF!
Name T.11: #REF!

Sheet Planilha Orcamentária
A2: PLANILHA ORÇAMENTÁRIA DE CUSTOS
A3: PREFEITURA MUNICIPAL DE INHAPIM - MG | F3: FOLHA N º: | H3: 01/01.
A4: OBRA: CONSTRUÇÃO DE PONTE EM ADUELAS DE CONCRETO | F4: DATA: | H4: =TODAY() -> 45979
A5: LOCAL: ESTRADA PRINCIPAL, PRÓXIMA À - BOM JESUS DO RIO PRETO | F5: FORMA DE EXECUÇÃO:
A6: REGIÃO/MÊS DE REFERÊNCIA: SINAPI 08/2025 - SEM DESONERAÇÃO / SICRO MG 07/2025 | F6: ( ) | G6: DIRETA | H6: ( X ) | I6: INDIRETA
A7: COMPOSIÇÃO/DEMONSTRATIVO DE BDI - EM ANEXO | F7: % ISS MUNICIPAL: | G7: 0.05 | H7: BDI: | I7: 0.2423
A9: ITEM | C9: CÓDIGO | D9: DESCRIÇÃO | E9: UNIDADE | F9: QUANTIDADE | G9: PREÇO UNITÁRIO S/ BDI | H9: PREÇO UNITÁRIO C/ BDI | I9: PREÇO TOTAL
A10: 1.0 | D10: SERVIÇOS PRELIMINARES | H10: =ROUND(G10+(G10*$I$7),2) -> 0 | I10: =SUM(I11) -> 2782.76
A11: 1.1 | B11: SINAPI | C11: 103689 | D11: FORNECIMENTO E INSTALAÇÃO DE PLACA DE OBRA COM CHAPA GALVANIZADA E ESTRUTURA DE MADEIRA. AF_03/2022_PS | E11: M2 | F11: ='Memória de Cálculo'!D9 -> 4.5 | G11: 497.78 | H11: =ROUND(G11+(G11*$I$7),2) -> 618.39 | I11: =ROUND((F11*H11),2) -> 2782.76
A13: 2.0 | D13: ADMINISTRAÇÃO LOCAL | H13: =ROUND(G13+(G13*$I$7),2) -> 0 | I13: =SUM(I14) -> 7082.8
A14: 1.2 | B14: COMPOSIÇÃO | C14: =Composição!B18 -> 002 | D14: ADMINISTRAÇÃO LOCAL | F14: ='Memória de Cálculo'!D12 -> 1 | G14: =Composição!F18 -> 5701.36 | H14: =ROUND(G14+(G14*$I$7),2) -> 7082.8 | I14: =ROUND((F14*H14),2) -> 7082.8
F15: ='Memória de Cálculo'!D13 -> 0
A16: 3.0 | D16: PONTE EM ADUELA | F16: ='Memória de Cálculo'!D14 -> 0 | H16: =ROUND(G16+(G16*$I$7),2) -> 0 | I16: =SUM(I17:I30) -> 140255.65
A17: 3.1 | B17: SINAPI | C17: 99061 | D17: LOCAÇÃO COM CAVALETE COM ALTURA DE 0,50 M - 2 UTILIZAÇÕES. AF_03/2024 | E17: um | F17: ='Memória de Cálculo'!D15 -> 8 | G17: 126.7 | H17: =ROUND(G17+(G17*$I$7),2) -> 157.4 | I17: =ROUND((F17*H17),2) -> 1259.2
A18: 3.2 | B18: SINAPI | C18: 96521 | D18: ESCAVAÇÃO MECANIZADA PARA BLOCO DE COROAMENTO OU SAPATA COM RETROESCAVADEIRA (INCLUINDO ESCAVAÇÃO PARA COLOCAÇÃO DE FÔRMAS). AF_01/2024 | E18: M3 | F18: ='Memória de Cálculo'!D16 -> 46.4 | G18: 42.78 | H18: =ROUND(G18+(G18*$I$7),2) -> 53.15 | I18: =ROUND((F18*H18),2) -> 2466.16
A19: 3.3 | B19: SINAPI | C19: 92264 | D19: FABRICAÇÃO DE FÔRMA PARA PILARES E ESTRUTURAS SIMILARES, EM CHAPA DE MADEIRA COMPENSADA PLASTIFICADA, E = 18 MM. AF_09/2020 | E19: M2 | F19: ='Memória de Cálculo'!D17 -> 100.92 | G19: 215.14 | H19: =ROUND(G19+(G19*$I$7),2) -> 267.27 | I19: =ROUND((F19*H19),2) -> 26972.89
A20: 3.4 | B20: SINAPI | C20: 94965 | D20: CONCRETO FCK = 25MPA, TRAÇO 1:2,3:2,7 (EM MASSA SECA DE CIMENTO/ AREIA MÉDIA/ BRITA 1) - PREPARO MECÂNICO COM BETONEIRA 400 L. AF_05/2021 | E20: M3 | F20: ='Memória de Cálculo'!D18 -> 13.45 | G20: 558.07 | H20: =ROUND(G20+(G20*$I$7),2) -> 693.29 | I20: =ROUND((F20*H20),2) -> 9324.75
A21: 3.5 | B21: SINAPI | C21: 92919 | D21: ARMAÇÃO DE ESTRUTURAS DIVERSAS DE CONCRETO ARMADO, EXCETO VIGAS, PILARES, LAJES E FUNDAÇÕES, UTILIZANDO AÇO CA-50 DE 10,0 MM - MONTAGEM. AF_06/2022 | E21: KG | F21: ='Memória de Cálculo'!D19 -> 863.31 | G21: 11.64 | H21: =ROUND(G21+(G21*$I$7),2) -> 14.46 | I21: =ROUND((F21*H21),2) -> 12483.46
A22: 3.6 | B22: SINAPI | C22: 92917 | D22: ARMAÇÃO DE ESTRUTURAS DIVERSAS DE CONCRETO ARMADO, EXCETO VIGAS, PILARES, LAJES E FUNDAÇÕES, UTILIZANDO AÇO CA-50 DE 8,0 MM - MONTAGEM. AF_06/2022 | E22: KG | F22: ='Memória de Cálculo'!D20 -> 127.74 | G22: 14.9 | H22: =ROUND(G22+(G22*$I$7),2) -> 18.51 | I22: =ROUND((F22*H22),2) -> 2364.47
A23: 3.7 | B23: SINAPI | C23: 92916 | D23: ARMAÇÃO DE ESTRUTURAS DIVERSAS DE CONCRETO ARMADO, EXCETO VIGAS, PILARES, LAJES E FUNDAÇÕES, UTILIZANDO AÇO CA-50 DE 6,3 MM - MONTAGEM. AF_06/2022 | E23: KG | F23: ='Memória de Cálculo'!D21 -> 69.38 | G23: 16.53 | H23: =ROUND(G23+(G23*$I$7),2) -> 20.54 | I23: =ROUND((F23*H23),2) -> 1425.07
A24: 3.8 | B24: SINAPI | C24: 92915 | D24: ARMAÇÃO DE ESTRUTURAS DIVERSAS DE CONCRETO ARMADO, EXCETO VIGAS, PILARES, LAJES E FUNDAÇÕES, UTILIZANDO AÇO CA-60 DE 5,0 MM - MONTAGEM. AF_06/2022 | E24: KG | F24: =calculos!L8 -> 40.98 | G24: 16.53 | H24: =ROUND(G24+(G24*$I$7),2) -> 20.54 | I24: =ROUND((F24*H24),2) -> 841.73
A25: 3.9 | B25: SICRO | C25: 1505877 | D25: ENROCAMENTO DE PEDRA ESPALHADA E COMPACTADA MECANICAMENTE - PEDRA DE MÃO COMERCIAL - FORNECIMENTO E ASSENTAMENTO | E25: M3 | F25: ='Memória de Cálculo'!D23 -> 19.6 | G25: 213.84 | H25: =ROUND(G25+(G25*$I$7),2) -> 265.65 | I25: =ROUND((F25*H25),2) -> 5206.74
A26: 3.10 | B26: SINAPI | C26: 95428 | D26: TRANSPORTE COM CAMINHÃO BASCULANTE DE 18 M³, EM VIA URBANA EM LEITO NATURAL (UNIDADE: TXKM). AF_07/2020 | E26: TxKM | F26: ='Memória de Cálculo'!D24 -> 1940.4 | G26: 1.56 | H26: =ROUND(G26+(G26*$I$7),2) -> 1.94 | I26: =ROUND((F26*H26),2) -> 3764.38
A27: 3.11 | B27: COMPOSIÇÃO | C27: 0001 | D27: =Composição!C12 -> ESTACA DE MADEIRA ROLIÇA EM EUCALIPTO TRATADO, DIÂMETRO DE 18 A 20 CM. INCLUSIVE IÇAMENTO E CRAVAÇÃO COM ESCAVADEIRA HIDRÁULICA | E27: M | F27: ='Memória de Cálculo'!D25 -> 32 | G27: =Composição!F12 -> 191.9109 | H27: =ROUND(G27+(G27*$I$7),2) -> 238.41 | I27: =ROUND((F27*H27),2) -> 7629.12
A28: 3.13 | B28: COMPOSIÇÃO | C28: 0003 | D28: =Composição!C22 -> ADUELA DE CONCRETO 2,30x2,30x1,00 ARMADA, INCLUSIVE, EXECUÇÃO , IÇAMENTO E REJUNTAMENTO DA PEÇA. | E28: UN | F28: ='Memória de Cálculo'!D26 -> 10 | G28: =Composição!F22 -> 3967.6447 | H28: =ROUND(G28+(G28*$I$7),2) -> 4929 | I28: =ROUND((F28*H28),2) -> 49290
A29: 3.14 | B29: SINAPI | C29: 100952 | D29: TRANSPORTE COM CAMINHÃO CARROCERIA COM GUINDAUTO (MUNCK), MOMENTO MÁXIMO DE CARGA 11,7 TM, EM VIA URBANA PAVIMENTADA, DMT ATÉ 30KM (UNIDADE: TXKM). AF_07/2020 | E29: TXKM | F29: ='Memória de Cálculo'!D27 -> 3405.6 | G29: 2.89 | H29: =ROUND(G29+(G29*$I$7),2) -> 3.59 | I29: =ROUND((F29*H29),2) -> 12226.1
A30: 3.15 | B30: COMPOSIÇÃO | C30: 0004 | D30: =Composição!C29 -> GUARDA CORPO EM TUBO DE AÇO GALVANIZADO DIÂMETRO 3" ALTURA 1,10 M , INCLUSO PINTURA EM ZARCÃO E DUAS DEMÃOS DE PINTURA ESMALTE | E30: M | F30: ='Memória de Cálculo'!D28 -> 16.6 | G30: =Composição!F29 -> 242.53227 | H30: =ROUND(G30+(G30*$I$7),2) -> 301.3 | I30: =ROUND((F30*H30),2) -> 5001.58
D32: VALOR TOTAL DA OBRA | I32: =I16+I13+I10 -> 150121.21
A49: Observações: Os textos destacados na cor vermelho deverão ser preenchidos e revisados de acordo com a aplicabilidade de cada obra, no tocante à: região da Tabela de Referencial de Preços Unitários a ser adotada; percentuais de ISS e dos parâmetros adotados no demonstrativo/composição BDI a ser apresentado pelo(a) Responsável Técnico(a) do Município dos quais deverão estar em conformidade com os critérios vigentes e aplicáveis; quantitativos; preços vigentes da Tabela Referencial de Preços Unitários e demais informações pertinentes aos serviços para execução das obras.

Sheet Memória de Cálculo
A2: MEMÓRIA DE CÁLCULO DE QUANTITATIVOS
A3: PREFEITURA MUNICIPAL DE INHAPIM - MG
A4: ='Planilha Orcamentária'!A4:E4 -> OBRA: CONSTRUÇÃO DE PONTE EM ADUELAS DE CONCRETO | D4: FOLHA N º: | E4: 01/01.
A5: ='Planilha Orcamentária'!A5:E5 -> LOCAL: ESTRADA PRINCIPAL, PRÓXIMA À - BOM JESUS DO RIO PRETO | D5: DATA: | E5: =TODAY() -> 45979
A7: ITEM | B7: DESCRIÇÃO | C7: UNIDADE | D7: QUANTIDADE | E7: FÓRMULA DO CÁLCULO
A8: ='Planilha Orcamentária'!A10 -> 1.0 | B8: ='Planilha Orcamentária'!D10 -> SERVIÇOS PRELIMINARES
A9: ='Planilha Orcamentária'!A11 -> 1.1 | B9: ='Planilha Orcamentária'!D11 -> FORNECIMENTO E INSTALAÇÃO DE PLACA DE OBRA COM CHAPA GALVANIZADA E ESTRUTURA DE MADEIRA. AF_03/2022_PS | C9: ='Planilha Orcamentária'!E11 -> M2 | D9: 4.5 | E9: Dimensões = 3,00 x 1,5 = 4,50m² | G9: =#REF! -> #REF!
A10: ='Planilha Orcamentária'!A12 -> 0 | B10: ='Planilha Orcamentária'!D12 -> 0
A11: ='Planilha Orcamentária'!A13 -> 2.0 | B11: ='Planilha Orcamentária'!D13 -> ADMINISTRAÇÃO LOCAL
A12: ='Planilha Orcamentária'!A14 -> 1.2 | B12: ='Planilha Orcamentária'!D14 -> ADMINISTRAÇÃO LOCAL | D12: 1 | E12: conforme composição de custos
A13: ='Planilha Orcamentária'!A15 -> 0 | B13: ='Planilha Orcamentária'!D15 -> 0 | C13: ='Planilha Orcamentária'!E15 -> 0
A14: ='Planilha Orcamentária'!A16 -> 3.0 | B14: ='Planilha Orcamentária'!D16 -> PONTE EM ADUELA | C14: ='Planilha Orcamentária'!E16 -> 0
A15: ='Planilha Orcamentária'!A17 -> 3.1 | B15: ='Planilha Orcamentária'!D17 -> LOCAÇÃO COM CAVALETE COM ALTURA DE 0,50 M - 2 UTILIZAÇÕES. AF_03/2024 | C15: ='Planilha Orcamentária'!E17 -> um | D15: 8 | E15: 8 unidades | G15: =D18*1.4*1.2*1 + D19 * 1.6 * 1.4 -> 1956.4104
A16: ='Planilha Orcamentária'!A18 -> 3.2 | B16: ='Planilha Orcamentária'!D18 -> ESCAVAÇÃO MECANIZADA PARA BLOCO DE COROAMENTO OU SAPATA COM RETROESCAVADEIRA (INCLUINDO ESCAVAÇÃO PARA COLOCAÇÃO DE FÔRMAS). AF_01/2024 | C16: ='Planilha Orcamentária'!E18 -> M3 | D16: =7 * 5.6 * 0.8*1.25 + 3*1.2*0.5*4 -> 46.4 | E16: Escavação da enrocamento ( acrescimo de 25%) + escavação das Alas. 7,00 * 5,60 * 0,80*1,25 + 3*1,2*0,5*4 = 28,20
A17: ='Planilha Orcamentária'!A19 -> 3.3 | B17: ='Planilha Orcamentária'!D19 -> FABRICAÇÃO DE FÔRMA PARA PILARES E ESTRUTURAS SIMILARES, EM CHAPA DE MADEIRA COMPENSADA PLASTIFICADA, E = 18 MM. AF_09/2020 | C17: ='Planilha Orcamentária'!E19 -> M2 | D17: =(3*3.7*2+0.5*1.2+2.5*0.3)*4+(5+4.6+5+4.6)*0.15+(5+4.6+5+4.6)*0.2 -> 100.92 | E17: Forma das alas + forma do Lastro+ forma da Laje. (3*3,7*2+0,5*1,2+2,5*0,3)*4+(5,00+4,60+5+4,60)*0,15+(5,00+4,60+5,00+4,60)*0,2 = 99,31m²
A18: ='Planilha Orcamentária'!A20 -> 3.4 | B18: ='Planilha Orcamentária'!D20 -> CONCRETO FCK = 25MPA, TRAÇO 1:2,3:2,7 (EM MASSA SECA DE CIMENTO/ AREIA MÉDIA/ BRITA 1) - PREPARO MECÂNICO COM BETONEIRA 400 L. AF_05/2021 | C18: ='Planilha Orcamentária'!E20 -> M3 | D18: =(0.5*1.2+0.3*2.5)*4+5*4.6*0.15+5*4.6*0.2 -> 13.45 | E18: Concreto das Alas + Concreto do Lastro + Concreto da laje (0,50 * 1,20 + 0,30 * 2,50)*4 + 5,00*4,60*0,15 + 5,00*4,60*0,20 = 9,43 m³
A19: ='Planilha Orcamentária'!A21 -> 3.5 | B19: ='Planilha Orcamentária'!D21 -> ARMAÇÃO DE ESTRUTURAS DIVERSAS DE CONCRETO ARMADO, EXCETO VIGAS, PILARES, LAJES E FUNDAÇÕES, UTILIZANDO AÇO CA-50 DE 10,0 MM - MONTAGEM. AF_06/2022 | C19: ='Planilha Orcamentária'!E21 -> KG | D19: 863.31 | E19: Conforme projeto
A20: ='Planilha Orcamentária'!A22 -> 3.6 | B20: ='Planilha Orcamentária'!D22 -> ARMAÇÃO DE ESTRUTURAS DIVERSAS DE CONCRETO ARMADO, EXCETO VIGAS, PILARES, LAJES E FUNDAÇÕES, UTILIZANDO AÇO CA-50 DE 8,0 MM - MONTAGEM. AF_06/2022 | C20: ='Planilha Orcamentária'!E22 -> KG | D20: 127.74 | E20: conforme projeto
A21: ='Planilha Orcamentária'!A23 -> 3.7 | B21: ='Planilha Orcamentária'!D23 -> ARMAÇÃO DE ESTRUTURAS DIVERSAS DE CONCRETO ARMADO, EXCETO VIGAS, PILARES, LAJES E FUNDAÇÕES, UTILIZANDO AÇO CA-50 DE 6,3 MM - MONTAGEM. AF_06/2022 | C21: ='Planilha Orcamentária'!E23 -> KG | D21: 69.38 | E21: conforme projeto
A22: ='Planilha Orcamentária'!A24 -> 3.8 | B22: ='Planilha Orcamentária'!D24 -> ARMAÇÃO DE ESTRUTURAS DIVERSAS DE CONCRETO ARMADO, EXCETO VIGAS, PILARES, LAJES E FUNDAÇÕES, UTILIZANDO AÇO CA-60 DE 5,0 MM - MONTAGEM. AF_06/2022 | C22: ='Planilha Orcamentária'!E24 -> KG | D22: 40.98 | E22: conforme projeto
A23: ='Planilha Orcamentária'!A25 -> 3.9 | B23: ='Planilha Orcamentária'!D25 -> ENROCAMENTO DE PEDRA ESPALHADA E COMPACTADA MECANICAMENTE - PEDRA DE MÃO COMERCIAL - FORNECIMENTO E ASSENTAMENTO | C23: ='Planilha Orcamentária'!E25 -> M3 | D23: =7*5.6*0.5 -> 19.6 | E23: Volume do enrocamento 7,00 * 3,30 * 0,50 = 19,60
A24: ='Planilha Orcamentária'!A26 -> 3.10 | B24: ='Planilha Orcamentária'!D26 -> TRANSPORTE COM CAMINHÃO BASCULANTE DE 18 M³, EM VIA URBANA EM LEITO NATURAL (UNIDADE: TXKM). AF_07/2020 | C24: ='Planilha Orcamentária'!E26 -> TxKM | D24: =D23*1.5*66 -> 1940.4 | E24: Volume do enrocamento x peso específico * distância 19,60 * 1,50 * 66 = 1352,40
A25: ='Planilha Orcamentária'!A27 -> 3.11 | B25: ='Planilha Orcamentária'!D27 -> ESTACA DE MADEIRA ROLIÇA EM EUCALIPTO TRATADO, DIÂMETRO DE 18 A 20 CM. INCLUSIVE IÇAMENTO E CRAVAÇÃO COM ESCAVADEIRA HIDRÁULICA | C25: ='Planilha Orcamentária'!E27 -> M | D25: =1*4*2*4 -> 32 | E25: tamanho x nº de estaca x nº de alas 4*2*4 = 32m
A26: ='Planilha Orcamentária'!A28 -> 3.13 | B26: ='Planilha Orcamentária'!D28 -> ADUELA DE CONCRETO 2,30x2,30x1,00 ARMADA, INCLUSIVE, EXECUÇÃO , IÇAMENTO E REJUNTAMENTO DA PEÇA. | C26: ='Planilha Orcamentária'!E28 -> UN | D26: 10 | E26: 5*2 = 10 Unidades
A27: ='Planilha Orcamentária'!A29 -> 3.14 | B27: ='Planilha Orcamentária'!D29 -> TRANSPORTE COM CAMINHÃO CARROCERIA COM GUINDAUTO (MUNCK), MOMENTO MÁXIMO DE CARGA 11,7 TM, EM VIA URBANA PAVIMENTADA, DMT ATÉ 30KM (UNIDADE: TXKM). AF_07/2020 | C27: ='Planilha Orcamentária'!E29 -> TXKM | D27: =(2.3+2.3+2+2)*0.15*10* 2.4 * 110 -> 3405.6 | E27: peso das aduelas * distância. (2,3+2,3+2+2)*0,15*10* 2,4 * 110 = 3405,60
A28: ='Planilha Orcamentária'!A30 -> 3.15 | B28: ='Planilha Orcamentária'!D30 -> GUARDA CORPO EM TUBO DE AÇO GALVANIZADO DIÂMETRO 3" ALTURA 1,10 M , INCLUSO PINTURA EM ZARCÃO E DUAS DEMÃOS DE PINTURA ESMALTE | C28: ='Planilha Orcamentária'!E30 -> M | D28: =(2.3+3+3)*2 -> 16.6 | E28: Somatório do Guarda corpo (2,3+3,0+3,0)*2 = 16,60
A29: ='Planilha Orcamentária'!A32 -> 0

Sheet calculos
A2: Lastro de concreto armado
A3: diâmetro | B3: 5.0 | D3: =SUM(D5:D6) -> 266.1
B4: qunt | C4: tamanho | D4: total | K4: peso/m
B5: 24 | C5: 4.9 | D5: =B5*C5 -> 117.6 | I5: 10.0 | J5: =F20+F29 -> 1399.2 | K5: 0.617 | L5: =ROUND(J5*K5,2) -> 863.31
B6: 33 | C6: 4.5 | D6: =B6*C6 -> 148.5 | I6: 8.0 | J6: =D14 -> 323.4 | K6: 0.395 | L6: =ROUND(J6*K6,2) -> 127.74
I7: 6.3 | J7: =D10+F35 -> 283.2 | K7: 0.245 | L7: =ROUND(J7*K7,2) -> 69.38
I8: 5.0 | J8: =D3 -> 266.1 | K8: 0.154 | L8: =ROUND(J8*K8,2) -> 40.98
A9: Laje
A10: diâmetro | B10: 6.3 | D10: =D12 -> 259.2
A11: repetições | B11: qunt | C11: tamanho | D11: total
A12: 2 | B12: 24 | C12: 5.4 | D12: =A12*B12*C12 -> 259.2
A14: diâmetro | B14: 8.0 | D14: =D16 -> 323.4
B15: qunt | C15: tamanho | D15: total
A16: 2 | B16: 33 | C16: 4.9 | D16: =A16*B16*C16 -> 323.4
A19: Sapata | E19: quantidade de alas
A20: diâmetro | B20: 10.0 | D20: =SUM(D22:D25) -> 131.8 | E20: 4 | F20: =D20*E20 -> 527.2
A21: repetições | B21: qunt | C21: tamanho | D21: total
A22: 2 | B22: 5 | C22: 3.5 | D22: =A22*B22*C22 -> 35
A23: 1 | B23: 5 | C23: 3.3 | D23: =A23*B23*C23 -> 16.5
A24: 1 | B24: 5 | C24: 4.7 | D24: =A24*B24*C24 -> 23.5
A25: 1 | B25: 20 | C25: 2.84 | D25: =A25*B25*C25 -> 56.8
A28: Alas | E28: N alas
A29: diâmetro | B29: 10.0 | D29: =SUM(D31:D33) -> 218 | E29: 4 | F29: =D29*E29 -> 872
A30: repetições | B30: qunt | C30: tamanho | D30: total
A31: 2 | B31: 20 | C31: 3.8 | D31: =A31*B31*C31 -> 152
A32: 1 | B32: 20 | C32: 3.3 | D32: =A32*B32*C32 -> 66
E34: N alas
A35: diâmetro | B35: 6.3 | D35: =SUM(D37:D42) -> 6 | E35: 4 | F35: =D35*E35 -> 24
A36: repetições | B36: qunt | C36: tamanho | D36: total
A37: 1 | B37: 20 | C37: 0.3 | D37: =A37*B37*C37 -> 6

Sheet Cronograma
A2: CRONOGRAMA FÍSICO-FINANCEIRO
A3: ='Planilha Orcamentária'!A3 -> PREFEITURA MUNICIPAL DE INHAPIM - MG | C3: VALOR DO CONVÊNIO: | D3: =D14 -> 150121.21 | F3: DATA: | G3: =TODAY() -> 45979 | H3: FOLHA Nº: 01/01
A4: ='Planilha Orcamentária'!A4 -> OBRA: CONSTRUÇÃO DE PONTE EM ADUELAS DE CONCRETO | E4: PREVISÃO DE EXECUÇÃO DAS OBRAS: 2 MESES
A5: ='Planilha Orcamentária'!A5 -> LOCAL: ESTRADA PRINCIPAL, PRÓXIMA À - BOM JESUS DO RIO PRETO
A6: ITENS | B6: ETAPAS/DESCRIÇÃO | C6: FÍSICO/ FINANCEIRO | D6: TOTAL ETAPAS | E6: MÊS 1 | F6: MÊS 2
A7: ='Planilha Orcamentária'!A10 -> 1.0 | B7: ='Planilha Orcamentária'!D10 -> SERVIÇOS PRELIMINARES | C7: Físico % | D7: =D8/$D$14 -> 0.018536754 | E7: 1
C8: Financeiro | D8: ='Planilha Orcamentária'!I10 -> 2782.76 | E8: =$D$8*E7 -> 2782.76 | F8: =$D$8*F7 -> 0
A9: ='Planilha Orcamentária'!A13 -> 2.0 | B9: ='Planilha Orcamentária'!D13 -> ADMINISTRAÇÃO LOCAL | C9: Físico % | D9: =D10/$D$14 -> 0.047180542 | E9: 0.5 | F9: 0.5
C10: Financeiro | D10: ='Planilha Orcamentária'!I13 -> 7082.8 | E10: =$D$10*E9 -> 3541.4 | F10: =$D$10*F9 -> 3541.4
A11: ='Planilha Orcamentária'!A16 -> 3.0 | B11: ='Planilha Orcamentária'!D16 -> PONTE EM ADUELA | C11: Físico % | D11: =D12/$D$14 -> 0.9342827 | E11: 0.5 | F11: 0.5
C12: Financeiro | D12: ='Planilha Orcamentária'!I16 -> 140255.65 | E12: =$D$12*E11 -> 70127.825 | F12: =$D$12*F11 -> 70127.825
A13: TOTAL: | C13: Físico % | D13: =D11+D9+D7 -> 1 | E13: =E14/$D$14 -> 0.50926838 | F13: =F14/$D$14 -> 0.49073162
C14: Financeiro | D14: ='Planilha Orcamentária'!I32 -> 150121.21 | E14: =E12+E8+E10 -> 76451.985 | F14: =F12+F8+F10 -> 73669.225 | I14: =E13+G13+H13 -> 0.50926838
H15: Observações: | I15: =E14+G14+H14 -> 76451.985

Sheet BDI
A4: OBRA: CONSTRUÇÃO DE PONTE EM ADUELAS DE CONCRETO
A5: LOCAL: ESTRADA PRINCIPAL, PRÓXIMA À - BOM JESUS DO RIO PRETO
A6: MUNICIPIO: INHAPIM/MG - CEP: 35330-000
A7: DATA: | B7: =TODAY() -> 45979
B9: DETALHAMENTO DE BDI
B11: ITEM COMPONENTE DO BDI | D11: %
B12: Administração Central | C12: AC | D12: =H12*100 -> 4.67 | H12: 0.0467
B13: Seguro e Garantia | C13: SG | D13: =H13*100 -> 0.74 | H13: 0.0074
B14: Risco | C14: R | D14: =H14*100 -> 0.97 | H14: 0.0097
B15: Despesas Financeiras | C15: DF | D15: =H15*100 -> 1.21 | H15: 0.0121
B16: Lucro | C16: L | D16: =H16*100 -> 8.29 | H16: 0.0829
B17: Tibutos ( Impostos COFINS, 3% E PIS 0,65) | C17: CP | D17: =H17*100 -> 3.65 | H17: 0.0365
B18: Tributos (ISS, variável de acordo com o município) | C18: ISS | D18: =H18*100 -> 2.5 | H18: 0.025
B19: Tributos (Contribuição Previdenciária - 0% ou 4,5%, conforme Lei 12.844/2013 - Desoneração) | C19: CPRB | D19: =H19*100 -> 0 | H19: 0
A23: BDI = [((1+AC + DF+RE+GA)*(1+DF)*(1+L)) /(1-CP-ISS-CPRB)]-1
C25: BDI= | D25: =(((1+H12+H13+H14)*(1+H15)*(1+H16))/(1-H17-H18-H19))-1 -> 0.24233147
A39: _______________________________ CLAUDEMIR MÁXIMO DE SOUSA Engenheiro Civil Crea-MG 174.203/D

Sheet Composição
A4: ='Planilha Orcamentária'!A3 -> PREFEITURA MUNICIPAL DE INHAPIM - MG
A5: ='Planilha Orcamentária'!A4 -> OBRA: CONSTRUÇÃO DE PONTE EM ADUELAS DE CONCRETO
A6: ='Planilha Orcamentária'!A5 -> LOCAL: ESTRADA PRINCIPAL, PRÓXIMA À - BOM JESUS DO RIO PRETO
A7: DATA: | B7: =TODAY() -> 45979
A9: QUADRO DE COMPOSIÇÕES
A12: COMPOSIÇÃO | B12: 001 | C12: ESTACA DE MADEIRA ROLIÇA EM EUCALIPTO TRATADO, DIÂMETRO DE 18 A 20 CM. INCLUSIVE IÇAMENTO E CRAVAÇÃO COM ESCAVADEIRA HIDRÁULICA | D12: M | F12: =E13*F13+E14*F14+E15*F15+E16*F16 -> 191.9109
A13: SINAPI | B13: 88316 | C13: SERVENTE COM ENCARGOS COMPLEMENTARES | D13: h | E13: 0.134 | F13: 22.64
A14: SINAPI | B14: 105100 | C14: ESTACA DE MADEIRA ROLIÇA EM EUCALIPTO TRATADO, DIÂMETRO DE 18 A 20 CM. AF_03/2024 | D14: M | E14: 1 | F14: 107.07
A15: SINAPI | B15: 88907 | C15: ESCAVADEIRA HIDRÁULICA SOBRE ESTEIRAS, CAÇAMBA 1,20 M3, PESO OPERACIONAL 21 T, POTÊNCIA BRUTA 155 HP - CHP DIURNO. AF_06/2014 | D15: CHP | E15: 0.3 | F15: 258.75
A16: SINAPI | B16: 88309 | C16: PEDREIRO COM ENCARGOS COMPLEMENTARES | D16: H | E16: 0.134 | F16: 31.21
A18: COMPOSIÇÃO | B18: 002 | C18: ADMINISTAÇÃO LOCAL | D18: M | F18: =E19*F19+E20*F20 -> 5701.36
A19: SINAPI | B19: 90779 | C19: ENGENHEIRO CIVIL DE OBRA SENIOR COM ENCARGOS COMPLEMENTARES | D19: HORA | E19: 8 | F19: 169.23 | G19: =E19*F19 -> 1353.84
A20: SINAPI | B20: 90776 | C20: ENCARREGADO GERAL DE OBRAS COM ENCARGOS COMPLEMENTARES | D20: HORA | E20: 64 | F20: 67.93 | G20: =E20*F20 -> 4347.52
A22: COMPOSIÇÃO | B22: 003 | C22: ADUELA DE CONCRETO 2,30x2,30x1,00 ARMADA, INCLUSIVE, EXECUÇÃO , IÇAMENTO E REJUNTAMENTO DA PEÇA. | D22: UN | F22: =E23*F23+E24*F24+E25*F25+E26*F26+E27*F27 -> 3967.6447
A23: SINAPI | B23: 88316 | C23: SERVENTE COM ENCARGOS COMPLEMENTARES | D23: h | E23: 0.134 | F23: 22.64
A24: COTAÇÃO | B24: 1 | C24: ADUELA DE CONCRETO 2,30x2,30x1,00 ARMADA, MEDIDAS INTERNAS 2,00x2,00 m | D24: UM | E24: 1 | F24: 3700
A25: SINAPI | B25: 88907 | C25: ESCAVADEIRA HIDRÁULICA SOBRE ESTEIRAS, CAÇAMBA 1,20 M3, PESO OPERACIONAL 21 T, POTÊNCIA BRUTA 155 HP - CHP DIURNO. AF_06/2014 | D25: CHP | E25: 0.5 | F25: 258.75
A26: SINAPI | B26: 88309 | C26: PEDREIRO COM ENCARGOS COMPLEMENTARES | D26: H | E26: 0.134 | F26: 31.21
A27: SINAPI | B27: 100488 | C27: ARGAMASSA TRAÇO 1:0,5:4,5 (EM VOLUME DE CIMENTO, CAL E AREIA MÉDIA ÚMIDA), PREPARO MECÂNICO COM BETONEIRA 600 L. AF_08/2019 | D27: M3 | E27: 0.207 | F27: 633.11
A29: PMI | B29: 004 | C29: GUARDA CORPO EM TUBO DE AÇO GALVANIZADO DIÂMETRO 3" ALTURA 1,10 M , INCLUSO PINTURA EM ZARCÃO E DUAS DEMÃOS DE PINTURA ESMALTE | D29: M | F29: =E30*F30+E31*F31+E32*F32+E33*F33+E34*F34+E35*F35+E36*F36 -> 242.53227
A30: SINAPI-I | B30: 21006 | C30: TUBO ACO CARBONO COM COSTURA, NBR 5580, CLASSE L, DN = 80 MM, E = 3,35 MM, 7,07 KG/M | D30: M | E30: 2.7 | F30: 67.65
A31: SINAPI | B31: 88251 | C31: AUXILIAR DE SERRALHEIRO COM ENCARGOS COMPLEMENTARES | D31: H | E31: 0.5 | F31: 21.91
A32: SINAPI | B32: 88315 | C32: SERRALHEIRO COM ENCARGOS COMPLEMENTARES | D32: H | E32: 0.5 | F32: 27.23
A33: SINAPI-I | B33: 11002 | C33: ELETRODO REVESTIDO AWS - E6013, DIAMETRO IGUAL A 2,50 MM | D33: KG | E33: 0.065 | F33: 54.36
A34: SINAPI | B34: 100720 | C34: PINTURA COM TINTA ALQUÍDICA DE FUNDO (TIPO ZARCÃO) APLICADA A ROLO OU PINCEL SOBRE PERFIL METÁLICO EXECUTADO EM FÁBRICA (POR DEMÃO). AF_01/2020 | D34: M2 | E34: 0.1144 | F34: 11.36
A35: SINAPI | B35: 100724 | C35: PINTURA COM TINTA ALQUÍDICA DE FUNDO E ACABAMENTO (ESMALTE SINTÉTICO GRAFITE) APLICADA A ROLO OU PINCEL SOBRE PERFIL METÁLICO EXECUTADO EM FÁBRICA (POR DEMÃO). AF_01/2020 | D35: M2 | E35: 0.2288 | F35: 15.01
A36: SINAPI-I | B36: 546 | C36: BARRA DE ACO CHATA, RETANGULAR (QUALQUER BITOLA) | D36: KG | E36: 3.2 | F36: 8.45
A38: _________________________________
A39: Claudemir Máximo de Sousa
A40: CREA/MG Nº: MG 174.203/D
